 Dungeon Crawl Stone Soup version 0.20-a0-645-g1049240 (webtiles) character file.

1098 shpingle the Sneak (level 8, -7/62 HPs)
             Began as a Naga Enchanter on Feb 9, 2017.
             Mangled by an ogre
             ... wielding a +0 giant club
              (17 damage)
             ... on level 6 of the Dungeon.
             The game lasted 00:31:37 (6050 turns).

shpingle the Sneak (Naga Enchanter)                 Turns: 6050, Time: 00:31:37

Health: -7/62      AC: 10    Str: 11    XL:     8   Next: 32%
Magic:  3/11       EV: 11    Int: 15    God:
Gold:   132        SH:  3    Dex: 14    Spells: 5/11 levels left

rFire    + . .     SeeInvis +   a - +1 dagger
rCold    . . .     Gourm    .   Z - +3 leather armour
rNeg     . . .     Faith    .   (no shield)
rPois    +         Spirit   .   F - +1 helmet
rElec    .         Reflect  +   S - +0 cloak
rCorr    .         Harm     .   (no gloves)
MR       +....                  (no barding)
Stlth    +++.......             O - +3 amulet of reflection
Regen    0.2/turn               (no ring)
                                P - ring of protection from fire

@: invisible, very slow
A: see invisible, deformed body, poison resistance, slowness 2, slow metabolism
1, spit poison 1, AC +2
a: Spit Poison


You were on level 6 of the Dungeon.
You were not hungry.

You visited 1 branch of the dungeon, and saw 7 of its levels.

You collected 267 gold pieces.
You spent 135 gold pieces at shops.

Inventory:

Hand Weapons
 a - a +1 dagger (weapon)
 u - a +0 dagger of venom
 N - a +2 trident of venom
Missiles
 m - 63 bolts
 W - 7 tomahawks
 X - a throwing net (quivered)
Armour
 b - a +0 robe
 l - a +0 leather armour
 p - a +0 plate armour
 y - a +4 chain mail of fire resistance
 F - a +1 helmet (worn)
 S - a +0 cloak (worn)
 Z - a +3 leather armour (worn)
Jewellery
 O - a +3 amulet of reflection (around neck)
 P - a ring of protection from fire (left hand)
Wands
 w - a wand of clouds (3/9)
Scrolls
 e - 2 scrolls of remove curse
 n - a scroll of immolation {unknown}
 t - a scroll of recharging {unknown}
 x - a scroll of fear {unknown}
 G - a scroll of noise {unknown}
 L - a scroll of amnesia {unknown}
 M - 2 scrolls of teleportation
 R - a scroll of enchant weapon {unknown}
 V - a scroll of fog
Potions
 f - a potion of cancellation {unknown}
 B - a potion of cure mutation {!q}
 C - a potion of brilliance
 E - 4 potions of curing
 I - 2 potions of haste {unknown}
 J - a potion of resistance
Books
 c - a book of Maledictions

   Spells                             Type                      Level
   a - Corona                         Hexes                        1
   b - Ensorcelled Hibernation        Hexes/Ice                    2
   c - Confuse                        Hexes                        3
   d - Tukima's Dance                 Hexes                        3
   e - Dazzling Spray                 Conjuration/Hexes            3
Comestibles
 d - 4 bread rations
 h - 4 royal jellies
 z - 5 meat rations


   Skills:
 + Level 4.0 Short Blades
 + Level 3.1 Armour
 + Level 3.4 Dodging
 + Level 7.8 Stealth
 - Level 2.0 Spellcasting
 + Level 2.3 Conjurations
 + Level 4.0 Hexes
 + Level 3.0 Ice Magic


You had 5 spell levels left.
You knew the following spells:

 Your Spells              Type           Power        Failure   Level  Hunger
a - Corona                Hex            ##.....      6%          1    #......
b - Ensorcelled Hibernat  Hex/Ice        ##....       12%         2    ###....
c - Dazzling Spray        Conj/Hex       ##....       24%         3    ###....


Dungeon Overview and Level Annotations

Branches:
Dungeon (7/15)
 Temple: D:4-7

Altars:
Cheibriados
Nemelex Xobeh
Qazlal
Sif Muna
Yredelemnul

Shops:
D:4 *

Annotations:
D:6 Prince Ribbit


Innate Abilities, Weirdness & Mutations

You cannot wear boots.
Your serpentine skin is tough. (AC +2)
You have supernaturally acute eyesight. (SInv)
Armour fits poorly on your strangely shaped body.
Your system is resistant to poisons. (rPois)
You cover ground very slowly.
You have a slow metabolism.
You can spit poison.


Message History

The ogre is moderately wounded.
The ogre is dazzled.
The ogre hits you with a giant club!!
* * * LOW HITPOINT WARNING * * *
You hit the ogre.
The ogre is heavily wounded.
The ogre closely misses you.
You hit the ogre.
The ogre is severely wounded.
You hit the ogre.
The ogre is severely wounded.
The ogre closely misses you.
You hit the ogre.
The ogre is severely wounded.
The ogre stops glowing.
The ogre hits you with a giant club!!
* * * LOW HITPOINT WARNING * * *
The ogre is no longer blind.
You fade into invisibility!
The ogre hits you with a giant club!
You die...

███
█.████....█
..█████████.█
█.█..█
█...........█
█.█..█
..█████████.██
█.█..█ ███
█.█>███.█..█
██
█.███.██.█.†█
... █.█
██.█.█..█....
█.█
██..█.....█ █.
█..@█....█ █
█.█.O.....█
█.██..........
█.█
█.......██. █.
█..█.<..█ █
█.........
...........
██.█████.███
█. .█


You could see an ogre.

Vanquished Creatures
  Sigmund (D:2)
  Menkaure (D:6)
  2 ogres (D:5)
  A howler monkey (D:4)
  A crimson imp (D:5)
  A centaur zombie (D:5)
  2 hounds (D:6)
  2 bullfrog skeletons (D:4)
  An orc priest (D:6)
  An orc wizard (D:6)
  6 worker ants
  7 gnolls
  2 worker ant zombies (D:5)
  5 adders
  An ooze (D:4)
  An adder skeleton (D:6)
  3 worms
  4 dart slugs
  4 leopard geckos
  10 orcs
  8 bats
  2 giant cockroaches (D:2)
  7 goblins
  6 hobgoblins
  2 jackals (D:4)
  4 quokkas
  4 frilled lizards
  4 kobolds
  7 rats
100 creatures vanquished.

Notes
Turn   | Place    | Note
-------+----------+-------------------------------------------
     0 | D:1      | shpingle the Naga Enchanter began the quest for the Orb.
     0 | D:1      | Reached XP level 1. HP: 15/15 MP: 3/3
   298 | D:1      | Reached XP level 2. HP: 22/22 MP: 3/5
  1424 | D:2      | Reached XP level 3. HP: 24/28 MP: 4/6
  1546 | D:2      | Reached skill level 5 in Stealth
  1938 | D:2      | Noticed Sigmund
  2064 | D:2      | Learned a level 2 spell: Ensorcelled Hibernation
  2211 | D:2      | Killed Sigmund
  2211 | D:2      | Reached skill level 6 in Stealth
  2211 | D:2      | Reached XP level 4. HP: 26/36 MP: 2/7
  2211 | D:2      | Reached XP level 5. HP: 30/42 MP: 2/8
  2331 | D:3      | Found a stormy altar of Qazlal.
  2740 | D:3      | Reached XP level 6. HP: 38/49 MP: 1/9
  2848 | D:3      | Found a basalt altar of Yredelemnul.
  2859 | D:3      | Found a deep blue altar of Sif Muna.
  3300 | D:4      | Reached skill level 3 in Short Blades
  3456 | D:4      | Learned a level 3 spell: Dazzling Spray
  3631 | D:4      | Found Eniboe Azoh's Assorted Antiques.
  3642 | D:4      | Bought a fizzy white potion for 20 gold pieces
  3642 | D:4      | Bought a square platinum amulet for 115 gold pieces
  4142 | D:4      | Reached XP level 7. HP: 55/55 MP: 7/10
  4421 | D:5      | Entered Level 5 of the Dungeon
  4760 | D:5      | Reached skill level 3 in Dodging
  4760 | D:5      | Reached skill level 7 in Stealth
  5047 | D:5      | Found a sparkling altar of Nemelex Xobeh.
  5428 | D:5      | Found a snail-covered altar of Cheibriados.
  5696 | D:6      | Reached skill level 3 in Armour
  5696 | D:6      | Reached XP level 8. HP: 61/62 MP: 8/11
  5718 | D:6      | Noticed Menkaure
  5720 | D:6      | Killed Menkaure
  5905 | D:6      | Noticed Prince Ribbit
  5909 | D:6      | Reached skill level 3 in Ice Magic
  6050 | D:6      | Mangled by an ogre

Vault maps used:
D:1:      dpeg_arrival_erosion, st_stairs_11
D:2:      first_bread, uniq_sigmund
D:3:      grunt_temple_overflow_open, grunt_qazlal_sundering
D:4:      kennysheep_small_square
D:5:      basic_altar, nemelex_spade_bored_becter
D:6:      overflow_temple_1_default, basic_altar, uniq_prince_ribbit1,
          uniq_menkaure
D:7:      minmay_temple_entry_statues_fountains, serial_glass, glass_columns_a,
          glass_columns_b, minmay_strange_pillars, minmay_strange_pillars,
          item_on_display_a, minmay_strange_pillars, serial_shops, shop,
          grunt_livestock

Skill      XL: |  1  2  3  4  5  6  7  8 |
---------------+-------------------------+-----
Armour         | 1 2 3 |  3.1
Stealth        | 6 7 |  7.8
Short Blades   | 2 3 4 |  4.0
Dodging        | 2 3 |  3.4
Ice Magic      | 1 2 3 |  3.0
Conjurations   | 2 |  2.3
Hexes          | 4 |  4.0
Spellcasting   | |  2.0

Action                   |  1- 3 |  4- 6 |  7- 9 || total
-------------------------+-------+-------+-------++-------
Melee: Dagger            |    70 |    77 |   147 ||   294
       Trident           |       |     7 |       ||     7
 Cast: Corona            |    27 |    10 |    15 ||    52
       Ensorcelled Hiber |     2 |    20 |    35 ||    57
       Dazzling Spray    |       |       |     3 ||     3
 Abil: Spit Poison       |    27 |    10 |    21 ||    58
Evoke: Wand              |     1 |     1 |       ||     2
  Use: Scroll            |     2 |     4 |     6 ||    12
       Potion            |       |       |     3 ||     3
 Stab: Sleeping          |     6 |    18 |    15 ||    39
       Invisible         |       |       |     1 ||     1
  Eat: Chunk             |     5 |     7 |    10 ||    22
Armor: Robe              |     9 |       |       ||     9
       Leather armour    |     9 |    16 |    38 ||    63
Dodge: Dodged            |    40 |    30 |    58 ||   128
Block: Other             |       |       |    16 ||    16
